Map: Port Aleksander LE

Players

Serral - Winner!

  • Race: Zerg Zerg
  • Spawn Location: 11:00

Rogue

  • Race: Zerg Zerg
  • Spawn Location: 5:00

Event: IEM Season 13: Katowice (2019)

VOD

Have the link to the VOD?

Description

Time

  • Played on: March 1, 2019, 5:15 a.m.
  • Length: 11:07

All games in this series

Show
View Real Time Build Order
Export as new Build Order

Serral Zerg - Winner!

Build Orders: Hatch First, Zergling Baneling 

Get SALT Encoding   

  12  0:00  Drone  
  13  0:13  Overlord  
  13  0:18  Drone  
  14  0:31  Drone  
  14  0:32  Drone  
  16  0:50  Hatchery  
  16  0:53  Drone  
  16  0:56  Drone  
  17  1:00  Drone  
  18  1:11  Extractor  
  17  1:16  Spawning Pool  
  16  1:19  Drone  
  16  1:23  Drone  
  18  1:29  Drone  
  19  1:39  Drone  
  20  1:50  Drone  
  21  2:00  Overlord  
  21  2:02  Queen  
  21  2:03  Queen  
  21  2:04  Zergling x2  
  26  2:11  Metabolic Boost  
  26  2:12  Drone  
  26  2:15  Drone  
  29  2:22  Drone  
  29  2:24  Drone  
  30  2:38  Hatchery  
  30  2:40  Drone  
  30  2:43  Drone  
  31  2:51  Baneling Nest  
  31  2:53  Drone  
  31  2:54  Overlord  
  31  2:58  Drone  
  32  3:00  Zergling x2  
  33  3:06  Drone x2  
  33  3:11  Zergling x2  
  35  3:14  Zergling x6  
  35  3:17  Zergling x2  
  35  3:18  Zergling x2  
  40  3:22  Overlord  
  40  3:26  Zergling x2  
  41  3:29  Zergling x2  
  41  3:33  Zergling x2  
  43  3:39  Zergling x2  
  44  3:41  Baneling x2  
  44  3:42  Zergling x2  
  44  3:43  Zergling x8  
  49  3:48  Overlord  
  49  3:52  Queen  
  49  3:55  Baneling x3  
  51  3:56  Baneling  
  51  4:01  Zergling x4  
  54  4:02  Drone  
  54  4:06  Baneling x2  
  54  4:07  Zergling x2  
  55  4:15  Zergling x8  
  57  4:19  Baneling  
  57  4:22  Zergling x2  
  57  4:23  Zergling x4  
  57  4:29  Zergling x6  
  52  4:38  Zergling x2  
  52  4:39  Zergling x6  
  52  4:42  Zergling x4  
  56  4:47  Zergling x4  
  56  4:53  Baneling x2  
  56  5:02  Zergling x16  
  56  5:03  Drone  
  56  5:06  Baneling x3  
  60  5:09  Drone  
  60  5:10  Zergling x2  
  60  5:12  Drone  
  63  5:16  Drone x2  
  62  5:22  Baneling x2  
  62  5:24  Zergling x6  
  62  5:26  Drone  
  64  5:32  Drone x2  
  64  5:34  Drone  
  65  5:39  Overlord  
  65  5:42  Zergling x4  
  65  5:45  Baneling x2  
  65  5:51  Overlord  
  65  5:55  Overlord  
  65  5:56  Extractor, Drone  
  65  5:57  Extractor  
  65  5:58  Evolution Chamber  
  65  5:59  Overlord  
  65  6:02  Baneling x2  
  65  6:03  Zergling x4  
  65  6:04  Drone  
  56  6:07  Roach Warren  
  56  6:10  Zergling x4  
  58  6:12  Zergling x2  
  58  6:16  Zergling x2  
  58  6:17  Zergling x2  
  58  6:23  Zergling x2  
  53  6:26  Zergling x10  
  53  6:30  Baneling x3  
  53  6:31  Zergling x2  
  57  6:37  Zergling x10  
  57  6:39  Zergling x4  
  59  6:46  Zergling x6  
  60  6:52  Roach, Evolution Chamber  
  60  6:53  Roach  
  61  6:57  Roach  
  61  7:00  Roach  
  58  7:04  Baneling  
  58  7:05  Baneling x2  
  54  7:09  Roach, Zergling x6  
  54  7:15  Queen  
  60  7:19  Baneling  
  60  7:20  Baneling  
  60  7:24  Roach x2  
  60  7:26  Baneling x2  
  60  7:29  Drone  
  66  7:30  Drone  
  66  7:32  Baneling x2  
  66  7:34  Drone x2  
  66  7:37  Drone  
  69  7:38  Drone  
  69  7:40  Drone  
  69  7:42  Drone  
  71  7:45  Overlord  
  71  7:47  Drone  
  70  7:53  Roach  
  70  7:55  Roach  
  70  7:57  Roach  
  76  8:00  Roach, Zergling x2  
  76  8:03  Roach  
  79  8:05  Roach  
  79  8:06  Zergling x2  
  79  8:10  Roach  
  79  8:12  Zergling x2  
  79  8:16  Zergling x6  
  79  8:19  Baneling  
  78  8:21  Zergling x2  
  78  8:26  Roach x2  
  78  8:27  Roach, Baneling  
  81  8:33  Lair  
  83  8:35  Baneling x2  
  83  8:40  Baneling x2  
  83  8:44  Queen  
  83  8:47  Queen  
  87  8:53  Overlord  
  87  8:57  Drone x3  
  87  8:58  Drone  
  88  9:18  Overlord  
  88  9:19  Queen  
  88  9:22  Roach x3  
  88  9:23  Queen  
  88  9:24  Extractor  
  97  9:29  Roach x2  
  97  9:30  Baneling x2  
  101  9:36  Nydus Network  
  100  9:39  Baneling  
  100  9:40  Queen, Baneling  
  100  9:43  Overseer  
  102  9:47  Roach x2  
  106  9:53  Overlord  
  106  9:57  Queen  
  106  9:59  Queen  
  110  10:06  Roach x4  
  117  10:16  Nydus Canal  
  117  10:17  Roach x4  
  125  10:22  Roach x2  
  129  10:33  Overlord x3  
  129  10:38  Nydus Canal  
  129  10:48  Roach  
  130  10:52  Drone  
Show
View Real Time Build Order
Export as new Build Order

Rogue Zerg 

Build Orders: Hatch First 

Get SALT Encoding   

  12  0:00  Drone  
  13  0:12  Overlord  
  13  0:18  Drone  
  14  0:31  Drone x2  
  16  0:50  Hatchery  
  16  0:52  Drone  
  16  0:56  Drone  
  17  0:59  Drone  
  17  1:01  Extractor  
  17  1:11  Drone  
  18  1:19  Spawning Pool  
  18  1:21  Drone  
  18  1:29  Drone  
  19  1:40  Drone  
  20  1:50  Overlord  
  21  2:01  Drone  
  21  2:03  Drone  
  21  2:05  Queen x2  
  26  2:10  Metabolic Boost  
  26  2:13  Drone  
  27  2:17  Drone  
  28  2:23  Drone x2  
  30  2:33  Evolution Chamber, Zergling x2  
  30  2:34  Zergling x2  
  31  2:48  Hatchery  
  30  2:53  Drone x2  
  32  2:58  Overlord  
  32  3:05  Drone x2  
  32  3:11  Zerg Ground Armor Level 1  
  34  3:17  Drone x2  
  36  3:23  Baneling Nest  
  36  3:25  Drone x2  
  37  3:29  Zergling x4  
  37  3:32  Zergling x2  
  40  3:38  Overlord  
  40  3:39  Drone x2  
  42  3:44  Zergling x2  
  43  3:50  Zergling x2  
  43  3:54  Overlord  
  44  3:56  Zergling x8  
  48  4:03  Zergling x6  
  51  4:11  Zergling x2  
  51  4:14  Zergling x4  
  53  4:21  Queen  
  53  4:23  Zergling x6  
  47  4:25  Zergling x2  
  47  4:27  Zergling x4  
  47  4:28  Zergling x4  
  46  4:34  Zergling x2  
  46  4:37  Zergling x2  
  45  4:39  Zergling x2  
  45  4:43  Zergling x2  
  43  4:46  Baneling x2  
  43  4:47  Zergling x2  
  44  4:52  Zergling x2  
  44  4:54  Zergling x2  
  44  4:56  Zergling x2  
  44  4:59  Zergling x2  
  47  5:01  Queen  
  47  5:05  Zergling x2  
  47  5:06  Baneling x2  
  48  5:08  Zergling x2  
  48  5:11  Baneling  
  48  5:12  Baneling  
  48  5:13  Zergling x2  
  48  5:17  Zergling x2  
  48  5:18  Zergling x2  
  48  5:19  Baneling  
  47  5:22  Zergling x2  
  47  5:28  Zergling x2  
  47  5:30  Queen, Zergling x2  
  47  5:34  Zergling x4  
  47  5:35  Baneling  
  52  5:39  Zergling x2  
  52  5:40  Baneling x2  
  51  5:43  Baneling x2  
  50  5:54  Zergling x10  
  54  5:59  Zergling x2  
  54  6:02  Zergling x4  
  55  6:04  Baneling x2  
  55  6:13  Zergling x6  
  55  6:14  Zergling x2  
  55  6:15  Zergling x2, Baneling  
  56  6:24  Zergling x10  
  55  6:27  Zergling x2  
  55  6:29  Zergling x2  
  57  6:35  Zergling x4  
  57  6:36  Baneling x2  
  56  6:41  Zergling x4  
  56  6:42  Zergling x2  
  56  6:43  Zergling x2  
  56  6:44  Zergling x2  
  60  6:50  Zergling x2  
  60  6:52  Zergling x2  
  60  6:53  Zergling x2  
  59  6:56  Zergling x2  
  59  6:57  Zergling x2  
  56  7:03  Zergling x4  
  56  7:04  Zergling x2  
  56  7:06  Zergling x2  
  54  7:13  Baneling  
  54  7:14  Zergling x2, Baneling x3  
  54  7:15  Zergling x2  
  53  7:17  Zergling x2  
  53  7:19  Zergling x2  
  53  7:21  Zergling x2  
  57  7:22  Zergling x2  
  57  7:24  Zergling x2  
  57  7:29  Zergling x2, Baneling  
  59  7:30  Baneling  
  59  7:32  Zergling x4  
  55  7:45  Zergling x4  
  55  7:48  Baneling x2  
  55  7:51  Zergling x6  
  55  7:58  Zergling x2  
  55  7:59  Zergling x6  
  55  8:03  Zergling x2  
  55  8:04  Zergling x4  
  55  8:05  Zergling x4  
  56  8:09  Zergling x2  
  55  8:15  Zergling x2  
  55  8:18  Zergling x4  
  55  8:24  Drone  
  55  8:29  Zerg Melee Weapons Level 1  
  55  8:30  Drone x2  
  57  8:37  Drone x2  
  57  8:39  Drone  
  57  8:40  Drone x5  
  65  8:46  Overlord  
  65  8:49  Overlord  
  65  8:54  Overlord  
  64  9:02  Extractor  
  64  9:03  Extractor, Roach Warren  
  64  9:09  Drone  
  63  9:10  Drone  
  63  9:15  Drone  
  63  9:16  Drone  
  63  9:23  Lair  
  63  9:24  Drone x4  
  67  9:27  Drone x2  
  67  9:28  Drone  
  67  9:30  Drone  
  67  9:31  Drone x2  
  73  9:32  Extractor  
  73  9:33  Extractor  
  73  9:37  Drone x2  
  73  9:38  Drone  
  74  9:40  Baneling x2  
  74  9:45  Drone x3  
  77  9:48  Overlord  
  77  9:54  Drone  
  77  9:55  Drone x2  
  77  9:56  Extractor, Drone x2  
  81  10:05  Overlord  
  81  10:12  Roach x5  
  86  10:15  Roach  
  86  10:18  Roach  
  90  10:21  Overlord  
  90  10:23  Roach  
  90  10:26  Roach x2  
  96  10:29  Roach  
  96  10:32  Roach x2  
  102  10:40  Roach  
  102  10:42  Ravager x2  
  106  10:43  Ravager  

Tags
 
Add a new tag
Caveats
  • Supply blocks, unpowered buildings, or Contaminate may cause inaccurate times.
  • Supply counts are checked every 10 seconds.